AoeStats
← AllBirds

Arabia

510379018Analyzed
3v3 RM · 18h ago on Sep 30, 2026· 31m 59s· 6 players
Game mode
Random Map
Map size
Normal (6 player)
Population
200
Speed
Normal
Resources
Standard
Victory
Conquest
Starting age
Dark Age
Ending age
Imperial Age
RankedLock teamsTeams togetherTeam positionsShared explorationLock speedFull tech treeHidden civsTurbo modeCheats
Victory
Defeat
🇫🇷 Maya · France
1037
+13
🇫🇷 Japanese · France
992
+15
🇦🇷 Persians · Argentina
920
+18
🇸🇪 Danes · Sweden
985
-16
🇨🇦 Sicilians · Canada
980
-16
🇫🇮 Berbers · Finland
929
-25
AllBirds
10:36 Feudal Age
10:30 Loom
11:11 Double-Bit Axe
12:29 Fletching
13:55 Forging
13:40 Horse Collar
18:32 Scale Mail Armor
20:12 Gold Mining
21:24 Wheelbarrow
25:54 Castle Age
25:58 Pikeman
26:38 Squires
26:24 Arson
27:51 Iron Casting
28:52 Chain Mail Armor
29:18 Heavy Plow
31:29 Bloodlines
firstApe
11:37 Feudal Age
12:58 Horse Collar
13:06 Double-Bit Axe
15:45 Fletching
19:23 Scale Mail Armor
20:24 Padded Archer Armor
23:29 Castle Age
21:24 Gold Mining
21:28 Stone Mining
24:11 Bodkin Arrow
24:27 Thumb Ring
26:14 Bow Saw
26:06 Heavy Plow
fitzy
7:19 Loom
9:49 Feudal Age
11:11 Double-Bit Axe
15:42 Scale Barding Armor
20:01 Castle Age
18:50 Horse Collar
21:13 Bloodlines
21:05 Husbandry
21:17 Forging
23:18 Bow Saw
26:48 Elite Skirmisher
Shiny Farfetch <3
0:32 Loom
10:11 Feudal Age
17:43 Castle Age
16:15 Double-Bit Axe
19:15 Fletching
20:18 Bodkin Arrow
19:54 Crossbowman
26:05 Horse Collar
27:59 Thumb Ring
29:22 Bow Saw
31:39 Wheelbarrow
34:42 Imperial Age
32:54 Wheelbarrow
32:04 Town Watch
►Zehlios◄
4:39 Loom
10:31 Feudal Age
12:35 Double-Bit Axe
12:33 Horse Collar
20:19 Castle Age
18:56 Gold Mining
19:05 Stone Mining
19:42 Forging
20:32 Scale Mail Armor
25:39 Iron Casting
25:54 Wheelbarrow
26:25 Arson
Ratman
6:58 Loom
9:30 Feudal Age
10:07 Double-Bit Axe
10:06 Horse Collar
17:10 Scale Barding Armor
17:16 Forging
26:45 Castle Age
26:39 Gold Mining
27:19 Husbandry
28:06 Iron Casting
31:10 Bow Saw
32:31 Bloodlines
Connection lost

Rejoining the realm…

Still unreachable

The connection could not be restored.

Session expired

The server has moved on; the page needs a fresh start.